 Dungeon Crawl Stone Soup version 0.26-a0-1040-gbe3abf3417 (webtiles) character file.

Game seed: 10833696600436134149

262 sahdkjhfkaj the Magician (level 5, -2/28 HPs)
             Began as a Deep Elf Fire Elementalist on Dec 11, 2020.
             Slain by a black bear (4 damage)
             ... on level 3 of the Dungeon.
             The game lasted 00:03:37 (4507 turns).

sahdkjhfkaj the Magician (DEFE)                     Turns: 4507, Time: 00:03:38

Health: -2/28      AC:  3    Str:  2 (5)  XL:     5   Next: 97%
Magic:  13/14      EV: 13    Int: 18 (21) God:
Gold:   133        SH:  0    Dex: 14 (15) Spells: 4/13 levels left

rFire    . . .     SeeInvis .   (no weapon)
rCold    . . .     Faith    .   (no shield)
rNeg     . . .     Spirit   .   a - +1 robe
rPois    .         Reflect  .   (no helmet)
rElec    .         Harm     .   (no cloak)
rCorr    .         Rampage  .   (no gloves)
Will     .....                  (no boots)
Stlth    ++........             (no amulet)
HPRegen  0.09/turn              (no ring)
MPRegen  0.14/turn              (no ring)

@: no status effects
A: no striking features
a: no special abilities


You were on level 3 of the Dungeon.
You visited 1 branch of the dungeon, and saw 3 of its levels.

You collected 133 gold pieces.

Inventory:

Missiles
 q - 2 throwing nets {!f}
Armour
 a - a +1 robe (worn)
Scrolls
 f - a scroll of remove curse {@r2}
 j - a scroll of random uselessness {unknown}
 k - a scroll of teleportation {unknown}
 l - a scroll of magic mapping {unknown}
 o - a scroll of immolation {unknown}
 r - a scroll of blinking {unknown}
 s - a scroll of identify {unknown}
Potions
 b - a potion of mutation {unknown}
 e - a potion of lignification {unknown}
 g - a potion of flight {unknown}
 h - a potion of curing {unknown}
 i - a potion of haste {unknown}
 m - a potion of berserk rage {unknown}
 n - a potion of brilliance {unknown}


   Skills:
 - Level 2.4 Dodging
 - Level 2.4 Stealth
 + Level 4.9 Spellcasting
 + Level 4.6 Conjurations
 + Level 4.6 Fire Magic


You had 4 spell levels left.
You knew the following spells:

 Your Spells              Type           Power        Failure   Level
a - Foxfire               Conj/Fire      ###.         1%          1
c - Conjure Flame         Conj/Fire      ###.....     6%          3
e - Fireball              Conj/Fire      ###.......   50%         5

Your spell library contained the following spells:

 Spells                   Type           Power        Failure   Level
 Inner Flame              Hex/Fire       ##......     16%         3
 Sticky Flame             Conj/Fire      ###.....     21%         4


Dungeon Overview and Level Annotations

Branches:
Dungeon (3/15)

Altars:


Message History

You feel sick.
You feel sick.
You feel sick.
You feel sick.
You feel sick.
You are no longer poisoned.
As you read the scroll labelled HOSTRY IDISECRU, it crumbles to dust.
It is a scroll of enchant armour.
Your +0 robe glows green for a moment.
The black bear bites you!
* * * LOW HITPOINT WARNING * * *
The black bear barely misses you.
The black bear claws you but does no damage.
Okay, then.
It was a potion of degeneration.
There was something very wrong with that liquid.
You feel weakened.
You feel dopey.
You feel clumsy. The black bear bites you.
* * * LOW HITPOINT WARNING * * *
The black bear claws you.
You die...

## ... ### .#..
..# !..##.# #..#.#
#.# #...## #..#
#...## #..# #...#
..# #.#@###.###.
.#####.#h......!.
#.................
######.........##
........<†..##
######......#
#...[...#####
##.#)#.......#
##.)).........##


You could see a black bear.

Vanquished Creatures
  An orc wizard (D:3)
  Terence (D:2)
  Natasha (thrice) (D:2)
  3 gnolls (D:3)
  2 adders (D:3)
  3 oozes
  2 worms
  5 leopard geckos
  3 orcs (D:3)
  9 bats
  3 giant cockroaches
  12 hobgoblins
  4 frilled lizards
  5 goblins
  8 kobolds
  9 rats
73 creatures vanquished.

Vanquished Creatures (others)
  405 foxfires
405 creatures vanquished.

Grand Total: 478 creatures vanquished

Notes
Turn   | Place    | Note
-------+----------+-------------------------------------------
     0 | D:1      | sahdkjhfkaj the Deep Elf Fire Elementalist began the quest
                  | for the Orb.
     0 | D:1      | Reached XP level 1. HP: 10/10 MP: 6/6
   368 | D:1      | Reached XP level 2. HP: 15/15 MP: 1/8
  1056 | D:1      | Reached XP level 3. HP: 19/19 MP: 3/9
  1411 | D:1      | Learned a level 3 spell: Conjure Flame
  2508 | D:2      | Noticed Terence
  2549 | D:2      | Killed Terence
  2550 | D:2      | Reached XP level 4. HP: 15/24 MP: 0/11
  3108 | D:2      | Noticed Natasha
  3112 | D:2      | Killed Natasha
  3133 | D:2      | Noticed Natasha
  3139 | D:2      | Killed Natasha
  3242 | D:2      | Noticed Natasha
  3251 | D:2      | Killed Natasha
  3252 | D:2      | Reached XP level 5. HP: 27/28 MP: 5/13
  3324 | D:2      | Learned a level 5 spell: Fireball
  4443 | D:3      | Noticed a black bear
  4507 | D:3      | Slain by a black bear

Illustrated notes

Levels and vault maps discovered:
D:1:      onia_arrival_pyramid, layout_basic
D:2:      layout_basic, uniq_natasha, uniq_terence
D:3:      layout_rooms, nicolae_overflow_hidden_temple

Skill      XL: |  1  2  3  4 |
---------------+-------------+-----
Conjurations   | 2 3 4 |  4.6
Spellcasting   | 4 |  4.9
Fire Magic     | 4 |  4.6
Dodging        | |  2.4
Stealth        | |  2.4

Action                   |  1- 3 |  4- 6 || total
-------------------------+-------+-------++-------
Melee: Unarmed           |     5 |       ||     5
 Cast: Foxfire           |   143 |   153 ||   296
       Conjure Flame     |     1 |       ||     1
  Use: Scroll            |       |     2 ||     2
       Potion            |       |     2 ||     2
Armor: Robe              |     1 |    11 ||    12
Dodge: Dodged            |    13 |    22 ||    35

Table legend: (Time is in decaauts)
 A = Elapsed time spent in this place.
 B = Non-inter-level travel time spent in this place.
 C = Inter-level travel time spent in this place.
 D = Time resting spent in this place.
 E = Time spent auto-exploring this place.
 F = Levels seen in this place.
 G = Mean time per level.
                   A        B        C        D        E       F      G
               +--------+--------+--------+--------+--------+-----+--------+
         Total |   4517 |   4432 |     85 |    604 |   3243 |   3 | 1505.7 |
       Dungeon |   4517 |   4432 |     85 |    604 |   3243 |   3 | 1505.7 |
               +--------+--------+--------+--------+--------+-----+--------+

Top non-repeatable levels by time:
     D:2: 2521 daAuts
     D:1: 1662 daAuts
     D:3: 333 daAuts
